 Dungeon Crawl Stone Soup version 0.31-a0-180-g519b7de00c (webtiles) character file.

Game seed: 12568100677946171778

225 qw the Shooter (level 6, 0/56 HPs)
             Began as a Naga Hunter on June 20, 2023.
             Slain by a bullfrog (5 damage)
             ... in a sewer.
             The game lasted 00:01:01 (2270 turns).

qw the Shooter (Naga Hunter)                        Turns: 2270, Time: 00:01:01

Health: 0/56       AC:  5    Str: 13    XL:     6   Next: 1%
Magic:  6/6        EV:  9    Int: 10    God:
Gold:   191        SH:  0    Dex: 16    Spells: 5/5 levels left

rFire   . . .        Y - +0 shortbow
rCold   . . .        (shield currently unavailable)
rNeg    . . .        c - +0 leather armour
rPois   +            (no helmet)
rElec   .            (no cloak)
rCorr   .            k - +1 pair of gloves
SInv    +            (no barding)
Will    .....        (no amulet)
Stlth   ++           (no ring)
HPRegen 0.29/turn    (no ring)
MPRegen 0.10/turn

%: no passive effects
@: about to teleport, short of breath, very slow
A: AC +2, large, see invisible, deformed body, poison resistance, slowness 2,
spit poison 1, naga tail 1
a: Spit Poison


You were in a sewer.
You visited 1 branch of the dungeon, and saw 3 of its levels.
You also visited: Sewer.

You collected 191 gold pieces.


Innate Abilities, Weirdness & Mutations

Your serpentine skin is tough. (AC +2)
You have supernaturally acute eyesight. (SInv)
Armour fits poorly on your strangely shaped body.
Your system is resistant to poisons. (rPois)
You cover ground very slowly.
You can spit poison.
You have a snake-like lower body.


   Skills:
 + Level 3.0 Fighting
 - Level 6.0 Ranged Weapons
 - Level 1.5 Dodging
 - Level 1.5 Stealth


You had 5 spell levels left.
You didn't know any spells.
Your spell library was empty.

Inventory:

Hand Weapons
 Y - a +0 shortbow (weapon)
Armour
 c - a +0 leather armour (worn)
 k - a +1 pair of gloves (worn)
Scrolls
 f - a scroll of identify
Potions
 a - a potion of degeneration {unknown}
 b - a potion of heal wounds
 d - a potion of resistance {unknown}
 g - a potion of attraction {unknown}

Dungeon Overview and Level Annotations

Branches:
Dungeon (3/15)              Sewer (1/1)

Altars:

Shops:
D:1 *(=(!


Message History

The splash of poison hits the bullfrog!
The bullfrog is moderately wounded.
The bullfrog hits you. The ball python barely misses you.
The giant cockroach bites you but does no damage.
The bullfrog hits you.
The ball python bites you but does no damage.
You shoot an arrow. The arrow barely misses the bullfrog.
The giant cockroach bites you but does no damage.
The bullfrog closely misses you. The ball python bites you.
The giant cockroach barely misses you.
You shoot an arrow. The arrow misses the bullfrog.
The bullfrog hits you but does no damage.
The ball python bites you but does no damage.
The bullfrog hits you.
The giant cockroach splashes around in the water.
You shoot an arrow.
The arrow hits the bullfrog but does no damage.
The bullfrog is moderately wounded.
You have got your breath back.
The bullfrog barely misses you.
The ball python bites you but does no damage.
The giant cockroach bites you but does no damage.
The bullfrog hits you but does no damage.
The ball python barely misses you.
2269 ||| INVOKING Spit Poison.
Aiming: Spit Poison (1% risk of failure)
Press: ? - help, Shift-Dir - straight line, f/p - bullfrog The splash of poison hits the bullfrog.
The bullfrog is poisoned.
The bullfrog is heavily wounded.
The giant cockroach bites you but does no damage.
The bullfrog hits you.
The ball python bites you but does no damage.
2270 ||| READING scroll of teleportation.
As you read the scroll of teleportation, it crumbles to dust.
You feel strangely unstable. The bullfrog hits you.
The giant cockroach waves its antennae.
The giant cockroach barely misses you. The ball python bites you.
The bullfrog hits you.
You die...

#~~~~## ##...~#~..~# #~~~##
~~~..~~~##~~~##~.~## ~~~~#
..=?$.~~~#~.~~#~~~.# ~~~~#
~..[[?.~~#.~%.#~..\# ..~.#
~~~~$.~~~#~.~~#.~~.# #~~~##
~~~.~~~#.~~##%~.## #.~.~##
~~%%.#..%#~~.~# ##~..~###
#BF##~~##..~##
~##~.~~.#######S@#~~##~~~~#
~~###..~~~~~~..~##~~#~~~~##
...~####~~~~.~..#~~%~~~.##
.~~~~~~#%\~#######~~~####
###~~~~#####%~~~~#.~##
~~####.~~~~.~~~~~####
~...~#########...#
##.\..~~~~~~~~~~~#
#####.~~~~~~~~~~#


You could see a bullfrog (poisoned), a giant cockroach and a ball python.

Vanquished Creatures
  A bullfrog (Sewer)
  Ijyb (D:3)
  Natasha (D:2)
  An adder (D:3)
  A worm (D:3)
  3 dart slugs
  8 endoplasms
  9 giant cockroaches
  12 goblins
  5 hobgoblins
  A kobold (D:3)
  15 quokkas
  16 ball pythons
  2 bats
  6 frilled lizards
  A rat (D:1)
83 creatures vanquished.

Notes
Turn   | Place    | Note
-------+----------+-------------------------------------------
     0 | D:1      | qw the Naga Hunter began the quest for the Orb.
     0 | D:1      | Reached XP level 1. HP: 19/19 MP: 1/1
     0 | D:1      | 0 ||| qw: Version: 0.3-a-9-g12657ce
     0 | D:1      | 0 ||| qw: Game counter: 1172
     0 | D:1      | 0 ||| qw: Always use a shield: true
     0 | D:1      | 0 ||| qw: God list: Okawaru
     0 | D:1      | 0 ||| qw: Allow faded altars: false
     0 | D:1      | 0 ||| qw: Do Orc after D:15 true
     0 | D:1      | 0 ||| qw: Do second Lair branch before Depths: true
     0 | D:1      | 0 ||| qw: Lair rune preference: random
     0 | D:1      | 0 ||| qw: Plans: Normal
     0 | D:1      | 0 ||| PLANNING D:1-11
    88 | D:1      | Found Ezirunloir's Jewellery Boutique.
    95 | D:1      | 95 ||| SHOPLISTING +4 ring of protection (396 gold, have
                  | 12).
    95 | D:1      | 95 ||| SHOPLISTING +4 ring of slaying (858 gold, have 12).
    95 | D:1      | 95 ||| SHOPLISTING +5 ring of evasion (396 gold, have 12).
    95 | D:1      | 95 ||| SHOPLISTING +6 ring of strength (396 gold, have 12).
    95 | D:1      | 95 ||| SHOPLISTING ring of fire (275 gold, have 12).
    95 | D:1      | 95 ||| SHOPLISTING ring of resist corrosion (220 gold, have
                  | 12).
   100 | D:1      | 100 ||| INVOKING Spit Poison.
   108 | D:1      | Found Jowosugh's Antique Weapon Boutique.
   120 | D:1      | 120 ||| INVOKING Spit Poison.
   121 | D:1      | Reached skill level 4 in Ranged Weapons
   121 | D:1      | Reached XP level 2. HP: 26/26 MP: 2/2
   132 | D:1      | 132 ||| INVOKING Spit Poison.
   135 | D:1      | 135 ||| INVOKING Spit Poison.
   137 | D:1      | Found Icus's General Store.
   148 | D:1      | 148 ||| SHOPLISTING +4 ring of slaying (1092 gold, have
                  | 28).
   148 | D:1      | 148 ||| SHOPLISTING +8 storm bow {elec, penet} (884 gold,
                  | have 28).
   148 | D:1      | 148 ||| SHOPLISTING scroll of acquirement (728 gold, have
                  | 28).
   149 | D:1      | 149 ||| INVOKING Spit Poison.
   169 | D:1      | 169 ||| INVOKING Spit Poison.
   177 | D:1      | 177 ||| INVOKING Spit Poison.
   183 | D:1      | 183 ||| INVOKING Spit Poison.
   201 | D:1      | Found Aqucytim's Weapon Shoppe.
   224 | D:1      | 224 ||| INVOKING Spit Poison.
   229 | D:1      | Found Ymuut's Distillery.
   236 | D:1      | 236 ||| SHOPLISTING 2 potions of mutation (192 gold, have
                  | 32).
   236 | D:1      | 236 ||| SHOPLISTING potion of curing (36 gold, have 32).
   236 | D:1      | 236 ||| SHOPLISTING potion of enlightenment (60 gold, have
                  | 32).
   236 | D:1      | 236 ||| SHOPLISTING potion of haste (120 gold, have 32).
   236 | D:1      | 236 ||| SHOPLISTING potion of might (48 gold, have 32).
   239 | D:1      | 239 ||| INVOKING Spit Poison.
   242 | D:1      | 242 ||| INVOKING Spit Poison.
   293 | D:1      | 293 ||| INVOKING Spit Poison.
   590 | D:1      | 590 ||| INVOKING Spit Poison.
   591 | D:1      | Reached XP level 3. HP: 32/32 MP: 3/3
   781 | D:1      | 781 ||| UPGRADING to +1 pair of gloves.
   786 | D:1      | 786 ||| READING scroll labelled VIPERAM LEIME.
   787 | D:1      | 787 ||| READING 3 scrolls labelled WUEK GUOZXA.
   788 | D:1      | 788 ||| READING scroll labelled HOPLETH CAOHOA.
   792 | D:1      | 792 ||| READING scroll labelled BUSOIMMI REMI.
   893 | D:1      | 893 ||| READING scroll labelled BANELOI TOCIDD.
   894 | D:1      | 894 ||| READING 2 scrolls of identify.
   894 | D:1      | 894 ||| IDENTIFYING murky green potion
   895 | D:1      | 895 ||| DROPPING scroll of butterflies.
   906 | D:2      | 906 ||| INVOKING Spit Poison.
   944 | D:2      | 944 ||| INVOKING Spit Poison.
  1130 | D:2      | Noticed Natasha
  1136 | D:2      | 1136 ||| INVOKING Spit Poison.
  1139 | D:2      | 1139 ||| INVOKING Spit Poison.
  1144 | D:2      | 1144 ||| INVOKING Spit Poison.
  1145 | D:2      | HP: 6/32 [cerulean imp/+2 spear[Natasha] (4)]
  1146 | D:2      | Killed Natasha
  1278 | D:2      | 1278 ||| INVOKING Spit Poison.
  1279 | D:2      | Reached skill level 5 in Ranged Weapons
  1294 | D:2      | 1294 ||| INVOKING Spit Poison.
  1297 | D:2      | Reached XP level 4. HP: 39/39 MP: 4/4
  1329 | D:2      | Found a faded altar of an unknown god.
  1331 | D:2      | 1331 ||| INVOKING Spit Poison.
  1360 | D:2      | 1360 ||| INVOKING Spit Poison.
  1376 | D:2      | 1376 ||| INVOKING Spit Poison.
  1378 | D:2      | 1378 ||| Stepping ~*~*~tactically~*~*~ (outnumbered).
  1382 | D:2      | 1382 ||| INVOKING Spit Poison.
  1383 | D:2      | 1383 ||| Stepping ~*~*~tactically~*~*~ (outnumbered).
  1387 | D:2      | 1387 ||| INVOKING Spit Poison.
  1390 | D:2      | 1390 ||| INVOKING Spit Poison.
  1557 | D:2      | 1557 ||| DRINKING 2 red potions.
  1558 | D:2      | 1558 ||| DROPPING potion of brilliance.
  1573 | D:3      | 1573 ||| PLANNING SEWER
  1580 | D:3      | 1580 ||| INVOKING Spit Poison.
  1610 | D:3      | 1610 ||| INVOKING Spit Poison.
  1615 | D:3      | Noticed Ijyb
  1617 | D:3      | 1617 ||| INVOKING Spit Poison.
  1622 | D:3      | 1622 ||| DRINKING potion of curing.
  1622 | D:3      | 1622 ||| (to cure confusion)
  1623 | D:3      | 1623 ||| INVOKING Spit Poison.
  1626 | D:3      | Killed Ijyb
  1627 | D:3      | Reached skill level 3 in Fighting
  1661 | D:3      | 1661 ||| INVOKING Spit Poison.
  1670 | D:3      | 1670 ||| INVOKING Spit Poison.
  1671 | D:3      | 1671 ||| INVOKING Spit Poison.
  1677 | D:3      | 1677 ||| INVOKING Spit Poison.
  1680 | D:3      | 1680 ||| INVOKING Spit Poison.
  1687 | D:3      | 1687 ||| INVOKING Spit Poison.
  1763 | D:3      | 1763 ||| INVOKING Spit Poison.
  1933 | D:3      | 1933 ||| INVOKING Spit Poison.
  1964 | D:3      | 1964 ||| INVOKING Spit Poison.
  1965 | D:3      | Reached XP level 5. HP: 49/49 MP: 5/5
  2011 | D:3      | 2011 ||| INVOKING Spit Poison.
  2019 | D:3      | 2019 ||| INVOKING Spit Poison.
  2020 | D:3      | Found a glowing drain.
  2021 | D:3      | 2021 ||| DROPPING ring of wizardry.
  2022 | D:3      | 2022 ||| READING scroll labelled BIOXIWKOEVU.
  2023 | D:3      | 2023 ||| DRINKING 2 fizzy grey potions.
  2028 | D:3      | 2028 ||| INVOKING Spit Poison.
  2031 | D:3      | 2031 ||| INVOKING Spit Poison.
  2035 | Sewer    | Entered a sewer
  2036 | Sewer    | 2036 ||| INVOKING Spit Poison.
  2060 | Sewer    | 2060 ||| INVOKING Spit Poison.
  2068 | Sewer    | 2068 ||| INVOKING Spit Poison.
  2071 | Sewer    | 2071 ||| INVOKING Spit Poison.
  2082 | Sewer    | 2082 ||| INVOKING Spit Poison.
  2086 | Sewer    | 2086 ||| INVOKING Spit Poison.
  2096 | Sewer    | 2096 ||| INVOKING Spit Poison.
  2099 | Sewer    | 2099 ||| INVOKING Spit Poison.
  2103 | Sewer    | 2103 ||| INVOKING Spit Poison.
  2104 | Sewer    | 2104 ||| INVOKING Spit Poison.
  2127 | Sewer    | 2127 ||| INVOKING Spit Poison.
  2133 | Sewer    | 2133 ||| INVOKING Spit Poison.
  2153 | Sewer    | 2153 ||| INVOKING Spit Poison.
  2174 | Sewer    | 2174 ||| INVOKING Spit Poison.
  2197 | Sewer    | 2197 ||| INVOKING Spit Poison.
  2224 | Sewer    | 2224 ||| INVOKING Spit Poison.
  2231 | Sewer    | 2231 ||| INVOKING Spit Poison.
  2253 | Sewer    | 2253 ||| INVOKING Spit Poison.
  2257 | Sewer    | 2257 ||| INVOKING Spit Poison.
  2262 | Sewer    | 2262 ||| INVOKING Spit Poison.
  2264 | Sewer    | Reached skill level 6 in Ranged Weapons
  2264 | Sewer    | Reached XP level 6. HP: 37/56 MP: 6/6
  2265 | Sewer    | 2265 ||| INVOKING Spit Poison.
  2269 | Sewer    | 2269 ||| INVOKING Spit Poison.
  2269 | Sewer    | HP: 11/56 [bullfrog (6)]
  2270 | Sewer    | 2270 ||| READING scroll of teleportation.
  2270 | Sewer    | HP: 5/56 [ball python (3)]
  2270 | Sewer    | Slain by a bullfrog

Levels and vault maps discovered:
D:1:      dpeg_arrival_boxes_within_box, layout_basic, serial_shops,
          nicolae_shop_just_a_little_nook, nicolae_shop_hallway_stairs, shop,
          nicolae_shop_just_a_little_nook, nicolae_shop_tiny_statue_garden
D:2:      layout_loops_ring, shapermc_ecumenical_altar_mp_highgroup,
          minmay_goblin_outpost, uniq_natasha
D:3:      layout_basic, nemelex_dance_club_becter, gup_sewer_entry_pipe,
          uniq_ijyb
Sewer:    sewer_frog_island_02

Skill      XL: |  1  2  3  4  5 |
---------------+----------------+-----
Ranged Weapons | 4 5 6 |  6.0
Fighting       | 3 |  3.0
Dodging        | |  1.5
Stealth        | |  1.5

Action                     |  1- 3 |  4- 6 || total
---------------------------+-------+-------++-------
   Fire: Shortbow          |    47 |   117 ||   164
Ability: Spit Poison       |    20 |    43 ||    63
    Use: Scroll            |     6 |     2 ||     8
         Potion            |       |     3 ||     3
 Armour: Leather armour    |     2 |    34 ||    36
  Dodge: Dodged            |     4 |    39 ||    43

Table legend:
 A = Non-vault XP
 B = Vault XP
 C = Vault XP percentage of total XP
 D = Non-vault monster count
 E = Vault monster count
 F = Vault count percentage of total count
                 A         B        C        D         E       F
            +---------+---------+-------+---------+---------+-------
      Total |      82 |     240 |  74.5 |      36 |      47 |  56.6
            +---------+---------+-------+---------+---------+-------
        D:1 |      34 |       0 |   0.0 |      18 |       0 |   0.0
        D:2 |      17 |      48 |  73.8 |       9 |       7 |  43.8
        D:3 |      31 |      50 |  61.7 |       9 |       7 |  43.8
      Sewer |       0 |     142 | 100.0 |       0 |      33 | 100.0
            +---------+---------+-------+---------+---------+-------
